Map: Pillars of Gold LE

Players

zuka - Winner!

  • Race: Protoss Protoss
  • League: Master
  • Spawn Location: 7:00

Prime

  • Race: Protoss Protoss
  • League: Master
  • Spawn Location: 1:00

VOD

Have the link to the VOD?

Description

Time

  • Played on: Aug. 5, 2020, 2:26 p.m.
  • Length: 5:32
Show
View Real Time Build Order
Export as new Build Order

zuka Protoss - Winner!

Build Orders:  

Get SALT Encoding   

  12  0:01  Probe  
  13  0:13  Probe  
  14  0:26  Probe  
  15  0:40  Pylon  
  15  0:58  Forge  
  15  1:01  Gateway  
  15  1:04  Gateway  
  15  1:09  Pylon  
  15  1:18  Pylon  
  14  1:31  Pylon  
  14  1:35  Pylon  
  14  1:39  Photon Cannon  
  14  1:48  Zealot (Chrono Boost)  
  14  1:51  Zealot (Chrono Boost)  
  18  2:01  Photon Cannon  
  20  2:16  Zealot (Chrono Boost)  
  20  2:17  Zealot (Chrono Boost)  
  22  2:37  Zealot  
  24  2:39  Photon Cannon  
  24  2:48  Zealot  
  26  3:04  Zealot  
  24  3:44  Zealot x2  
  25  4:10  Zealot (Chrono Boost)  
  28  4:19  Zealot (Chrono Boost)  
  27  4:29  Zealot  
Show
View Real Time Build Order
Export as new Build Order

Prime Protoss 

Build Orders:  

Get SALT Encoding   

  12  0:01  Probe  
  13  0:13  Probe  
  14  0:18  Pylon  
  14  0:25  Probe (Chrono Boost)  
  15  0:37  Probe (Chrono Boost)  
  15  0:39  Gateway  
  16  0:45  Probe (Chrono Boost)  
  16  0:48  Assimilator  
  17  0:54  Probe  
  18  0:59  Assimilator  
  18  1:13  Gateway  
  18  1:15  Probe  
  19  1:27  Probe  
  20  1:33  Cybernetics Core  
  21  1:40  Probe  
  21  1:50  Pylon  
  21  1:53  Zealot (Chrono Boost)  
  23  2:10  Stargate  
  23  2:22  Pylon  
  21  2:50  Void Ray (Chrono Boost)  
  21  2:51  Nexus  
  5  5:13  Pylon  
Tags
 
Add a new tag
Caveats
  • Supply blocks, unpowered buildings, or Contaminate may cause inaccurate times.
  • Supply counts are checked every 10 seconds.